 Dungeon Crawl Stone Soup version 0.29.1-2-gbd0b4ee654 (webtiles) character file.

Game seed: 12754599556447447549

524 McKennaii the Covered (level 6, -1/52 HPs)
             Began as a Demigod Fighter on Nov 8, 2022.
             Slain by a hornet (9 damage)
             ... on level 5 of the Dungeon.
             The game lasted 00:05:51 (3856 turns).

McKennaii the Covered (Demigod Fighter)             Turns: 3856, Time: 00:05:52

Health: -1/52      AC:  7    Str: 31    XL:     6   Next: 70%
Magic:  8/8        EV:  9    Int: 10    God:
Gold:   293        SH:  5    Dex: 13    Spells: 5/5 levels left

rFire   . . .      SeeInvis .   a - +8 trident of the Octopus King {venom, rElec rPois}
rCold   . . .      Faith    .   c - +0 buckler
rNeg    . . .      Spirit   .   b - +0 scale mail
rPois   +          Reflect  .   (no helmet)
rElec   +          Harm     .   (no cloak)
rCorr   .          Rampage  .   (no gloves)
Will    .....                   (no boots)
Stlth   ..........              i - amulet of regeneration
HPRegen 0.97/turn               k - +6 ring of strength
MPRegen 0.11/turn               (no ring)

@: lethally poisoned (-1 -> -1), slowed, very slow
A: high MP 1, forlorn, divine attributes
a: no special abilities


You were on level 5 of the Dungeon.
You visited 1 branch of the dungeon, and saw 5 of its levels.

You collected 293 gold pieces.

Inventory:

Hand Weapons
 a - the +8 trident of the Octopus King (weapon) {venom, rElec rPois}
   (You found it on level 4 of the Dungeon)

   It poisons the flesh of those it strikes.
   rElec:     It insulates you from electricity.
   rPois:     It protects you from poison.
Missiles
 v - 2 throwing nets (quivered)
Armour
 b - a +0 scale mail (worn)
 c - a +0 buckler (worn)
Jewellery
 h - a ring of fire
 i - an amulet of regeneration (around neck)
 k - a +6 ring of strength (left hand)
 s - a ring of poison resistance
Scrolls
 e - 2 scrolls of amnesia {unknown}
 f - 5 scrolls of fear {unknown}
 g - 2 scrolls of vulnerability {unknown}
 m - 3 scrolls of identify {unknown}
 p - a scroll of enchant armour {unknown}
 t - a scroll of teleportation {unknown}
 u - a scroll of magic mapping {unknown}
Potions
 d - a potion of might
 j - a potion of berserk rage {unknown}
 l - 2 potions of attraction {unknown}
 n - a potion of heal wounds {unknown}
 o - 2 potions of degeneration {unknown}
 q - a potion of curing {unknown}
 r - a potion of resistance {unknown}
 w - a potion of brilliance {unknown}


   Skills:
 + Level 4.2 Fighting
 * Level 3.9 Polearms
 + Level 4.3 Armour
 + Level 4.2 Shields


You had 5 spell levels left.
You didn't know any spells.
Your spell library contained the following spells:

 Spells                   Type           Power      Damage    Failure   Level
 Shock                    Conj/Air       0%         1d3       69%         1
 Gell's Gravitas          Tloc           0%         N/A       96%         3
 Lesser Beckoning         Tloc           0%         N/A       96%         3
 Portal Projectile        Hex/Tloc       0%         N/A       96%         3
 Swiftness                Air            0%         N/A       96%         3
 Teleport Other           Tloc           0%         N/A       96%         3
 Tukima's Dance           Hex            0%         N/A       96%         3
 Airstrike                Air            0%         2d(0-16)  100%        4
 Blade Hands              Tmut           0%         N/A       100%        5


Dungeon Overview and Level Annotations

Branches:
Dungeon (5/15)
 Temple: D:4-7

Shops:
D:5 (


Innate Abilities, Weirdness & Mutations

You have an increased reservoir of magic. (+10% MP)
You shall have no god before yourself.
Your divine heritage dramatically boosts your attributes as you level up.


Message History

You now have 289 gold pieces (gained 7).
w - a pink potion You now have 293 gold pieces (gained 4).
As you open the door, it creaks loudly!
Found a stone staircase leading down.
There is an open door here.
There is a stone staircase leading down here.
As you open the door, it creaks loudly!
Found Kamuch's Antique Weapon Emporium.
There is an open door here.
There is an entrance to Kamuch's Antique Weapon Emporium here.
You can access your shopping list by pressing '$'.
A hornet comes into view.
The hornet buzzes angrily.
You reach to attack!
You miss the hornet. The hornet stings you!
You are poisoned.
You feel yourself slow down.
You closely miss the hornet.
You feel yourself speed up.
You feel very sick. The hornet barely misses you.
The hornet closely misses you. The hornet stings you.
You suddenly lose the ability to move!
You feel sick.
The hornet stings you but does no damage.
You feel sick. The hornet stings you.
You feel yourself slow down. The hornet stings you!
You can move again.
Unknown command.
You miss the hornet.
You feel sick. You block the hornet's attack. The hornet stings you!
* * * LOW HITPOINT WARNING * * *
You feel as though you will be slow longer.
Unknown command.
Unknown command.
Unknown command.
Okay, then.
Unknown command.
You closely miss the hornet.
You feel sick. The hornet closely misses you. The hornet stings you!
You die...

##### ###...##
#......# #......#
#......# .##......#
.......y.# .......@.#
.........#
...........#
#...##......#
##...##......#
#....#.......####
#....+..........#
#....##......##.#
######....##.........#


You could see a hornet.

Vanquished Creatures
  A black bear (D:4)
  4 hounds
  A jelly (D:5)
  A gnoll bouda (D:5)
  An orc priest (D:4)
  An orc wizard (D:4)
  5 gnolls
  6 adders
  3 worms
  A dart slug (D:2)
  4 orcs (D:4)
  9 ball pythons
  7 bats
  8 endoplasms
  A giant cockroach (D:4)
  8 goblins
  10 hobgoblins
  14 jackals
  2 quokkas
  A frilled lizard (D:3)
  8 kobolds
  4 rats
100 creatures vanquished.

Vanquished Creatures (others)
  A plant (D:4)
1 creature vanquished.

Grand Total: 101 creatures vanquished

Notes
Turn   | Place    | Note
-------+----------+-------------------------------------------
     0 | D:1      | McKennaii the Demigod Fighter began the quest for the Orb.
     0 | D:1      | Reached XP level 1. HP: 18/18 MP: 3/3
    80 | D:1      | Reached XP level 2. HP: 18/25 MP: 4/4
   413 | D:1      | You fall into a shaft and drop 1 floor!
   554 | D:2      | Reached XP level 3. HP: 26/31 MP: 5/5
  1814 | D:2      | Reached XP level 4. HP: 38/38 MP: 6/6
  3103 | D:4      | Reached XP level 5. HP: 45/45 MP: 7/7
  3157 | D:4      | Found the +8 trident of the Octopus King {venom, rElec
                  | rPois}
  3226 | D:4      | Noticed a black bear
  3239 | D:4      | Killed a black bear
  3312 | D:4      | Reached XP level 6. HP: 52/52 MP: 8/8
  3687 | D:5      | Entered Level 5 of the Dungeon
  3833 | D:5      | Found Kamuch's Antique Weapon Emporium.
  3848 | D:5      | Noticed a hornet
  3852 | D:5      | Paralysed by a hornet for 3 turns
  3856 | D:5      | Slain by a hornet

Illustrated notes

Levels and vault maps discovered:
D:1:      lightli_arrival_statuegarden, layout_rooms
D:2:      layout_basic, chequers_serial_rivers_micro_c
D:3:      layout_basic, roderic_serpentine_path
D:4:      layout_loops_ring, grunt_temple_overflow_opulence,
          serial_bayou_pond_e, cheibrodos_gnoll_hut
D:5:      layout_gridville, serial_shops, nicolae_shop_advertising_works
          [nicolae_subvault_shop_adworks]

Skill      XL: |  1  2  3  4  5  6 |
---------------+-------------------+-----
Polearms       | 2 3 |  3.9
Fighting       | 3 4 |  4.2
Armour         | 3 4 |  4.3
Shields        | 3 4 |  4.2

Action                   |  1- 3 |  4- 6 || total
-------------------------+-------+-------++-------
Melee: Trident           |   151 |   161 ||   312
Armor: Scale mail        |    62 |    47 ||   109
Dodge: Dodged            |    71 |    58 ||   129
Block: Buckler           |    34 |    15 ||    49
